Map: Oxide LE

Players

Astrea - Winner!

  • Race: Protoss Protoss
  • League: Master
  • Spawn Location: 7:00

Neeb

  • Race: Protoss Protoss
  • Spawn Location: 1:00

Event: DreamHack SC2 Masters 2020 Winter

VOD

Have the link to the VOD?

Description

Time

  • Played on: Nov. 7, 2020, 4:58 p.m.
  • Length: 5:20

All games in this series

Show
View Real Time Build Order
Export as new Build Order

Astrea Protoss - Winner!

Build Orders: Nexus First 

Get SALT Encoding   

  12  0:00  Probe  
  13  0:12  Probe  
  14  0:17  Pylon  
  14  0:24  Probe (Chrono Boost)  
  15  0:36  Probe (Chrono Boost)  
  16  0:45  Probe (Chrono Boost)  
  17  0:51  Probe  
  18  1:00  Nexus  
  18  1:09  Gateway  
  18  1:13  Probe  
  18  1:18  Assimilator  
  19  1:25  Probe  
  20  1:26  Assimilator  
  20  1:37  Probe  
  21  1:43  Gateway  
  21  1:49  Probe  
  22  1:56  Cybernetics Core  
  23  2:01  Probe  
  23  2:13  Probe x2  
  25  2:27  Probe x2  
  27  2:30  Stalker x2 (Chrono Boost), Warp Gate (Chrono Boost)  
  31  2:39  Probe  
  31  2:41  Pylon  
  31  2:52  Stalker (Chrono Boost)  
  35  3:00  Stalker (Chrono Boost)  
  35  3:06  Probe x2  
  35  3:12  Shield Battery  
  37  3:18  Shield Battery  
  37  3:19  Stalker  
  39  3:22  Stalker  
  41  3:32  Gateway  
  41  3:35  Probe x2  
  43  3:43  Pylon  
  43  3:51  Pylon  
  43  3:52  Shield Battery  
  43  3:59  Gateway  
  43  4:00  Shield Battery  
  43  4:11  Adept x2  
  47  4:26  Stalker  
  47  4:28  Pylon  
  49  4:38  Stalker x2  
  51  4:42  Twilight Council  
  48  4:51  Stalker  
  50  4:58  Stalker x2  
Show
View Real Time Build Order
Export as new Build Order

Neeb Protoss 

Build Orders: Proxy Void Ray 

Get SALT Encoding   

  12  0:00  Probe  
  13  0:12  Probe  
  14  0:19  Pylon  
  14  0:24  Probe  
  15  0:37  Probe (Chrono Boost)  
  15  0:39  Gateway  
  16  0:46  Assimilator, Probe (Chrono Boost)  
  17  0:51  Probe  
  18  1:03  Probe  
  19  1:14  Assimilator  
  19  1:15  Probe (Chrono Boost)  
  20  1:25  Cybernetics Core, Probe (Chrono Boost)  
  21  1:30  Probe (Chrono Boost)  
  22  1:33  Pylon  
  22  1:42  Probe  
  23  2:01  Adept (Chrono Boost)  
  23  2:02  Stargate  
  23  2:05  Shield Battery  
  23  2:07  Shield Battery  
  25  2:10  Pylon  
  25  2:25  Adept (Chrono Boost)  
  27  2:39  Void Ray (Chrono Boost)  
  27  2:46  Pylon  
  31  2:55  Stalker, Probe  
  33  3:02  Pylon  
  34  3:13  Void Ray (Chrono Boost)  
  35  3:22  Probe  
  36  3:30  Pylon  
  36  3:38  Warp Gate  
  36  3:43  Void Ray  
  36  3:49  Shield Battery x2  
  40  4:02  Gateway  
  40  4:05  Pylon  
  40  4:10  Pylon  
  40  4:20  Void Ray  
  40  4:39  Probe  
  41  4:51  Probe  
  42  4:58  Pylon  
  42  5:00  Pylon  
  42  5:02  Gateway  
  42  5:03  Probe  
  47  5:13  Pylon  
  47  5:14  Pylon  
Tags
 
Add a new tag
Caveats
  • Supply blocks, unpowered buildings, or Contaminate may cause inaccurate times.
  • Supply counts are checked every 10 seconds.